 Dungeon Crawl Stone Soup version 0.14-a0-2986-gd1872aa (webtiles) character file.

560 reznor the Slasher (level 6, -6/34 HPs)
             Began as a Vine Stalker Fighter on Mar 6, 2014.
             Killed by divine providence
             ... invoked by an orc priest
              (12 damage)
             ... on Level 4 of the Dungeon.
             The game lasted 00:11:24 (2608 turns).

reznor the Slasher (Vine Stalker Fighter)           Turns: 2608, Time: 00:11:25

HP  -6/34        AC  8     Str 21      XL: 6   Next: 87%
MP   0/8         EV  6     Int  8      God:
Gold 154         SH 18     Dex 13      Spells:  0 memorised,  5 levels left

rFire  . . .     SeeInvis .     u - +0 long sword
rCold  + . .     Clarity  .     q - +2 scale mail {rC+}
rNeg   . . .     Conserve .     c - +0 shield
rPois  .         rCorr    .     (no helmet)
rElec  .         rRot     +     (no cloak)
SustAb . .       Spirit   +     (no gloves)
rMut   .         Warding  .     (no boots)
Saprov . . .     Stasis   .     (no amulet)
MR     .....                    (no ring)
                                (no ring)

@: not resistant to hostile enchantments, extremely unstealthy
A: fangs 2, regeneration 2, magic shield, antimagic bite, no device heal
a: no special abilities


You were on level 4 of the Dungeon.
You were not hungry.

You visited 1 branch of the dungeon, and saw 4 of its levels.

You collected 154 gold pieces.

Inventory:

Hand weapons
 u - a +0,+0 long sword (weapon)
 v - a +0 blowgun
Missiles
 f - 19 poisoned arrows
 w - 32 poisoned needles
Armour
 c - a +0 shield (worn)
 q - a +2 scale mail of cold resistance (worn)
Comestibles
 d - 3 bread rations
 t - a banana
Scrolls
 b - 3 scrolls of teleportation {unknown}
 e - a scroll of remove curse {unknown}
 h - 3 scrolls of amnesia {unknown}
 i - 2 scrolls of blinking {unknown}
 m - a scroll of enchant weapon I {unknown}
 n - 2 scrolls of noise {unknown}
 r - a scroll of enchant armour {unknown}
 x - a scroll of enchant weapon II {unknown}
 y - a scroll of identify {unknown}
Potions
 a - a potion of berserk rage {unknown}
 g - a potion of agility {unknown}
 j - 2 potions of resistance
 k - a potion of paralysis {unknown}
 l - 2 potions of curing
 o - a potion of degeneration {unknown}
 p - a potion of lignification {unknown}
 s - a potion of heal wounds {unknown}


   Skills:
 + Level 4.3 Fighting
 - Level 5.4 Long Blades
 - Level 2.4 Armour
 - Level 2.6 Shields


You had 5 spell levels left.
You didn't know any spells.

Dungeon Overview and Level Annotations

Branches:
Dungeon (4/16)
 Temple: D:4-7

Altars:


Innate Abilities, Weirdness & Mutations

You have extremely sharp teeth.
You heal very quickly.
When hurt, damage is shared between your health and your magic reserves.
Your bite disrupts and absorbs the magic of your enemies.
Potions and wands cannot restore your HP.


Message History

You block the orc priest's attack.
You hit the orc priest. Your bite misses the orc priest.
The orc priest is heavily wounded.
The orc priest hits you but does no damage.
You slash the orc priest! Your bite misses the orc priest.
The orc priest is almost dead.
The orc priest hits you with a flail.
* * * LOW HITPOINT WARNING * * *
You hit the orc priest.
You kill the orc priest!
You hit the orc.
The orc is moderately wounded.
The orc hits you.
* * * LOW HITPOINT WARNING * * *
Drink which item? (? for menu, Esc to quit)
You feel better.
It was a potion of curing.
The orc hits you but does no damage.
The orc priest invokes the aid of Beogh against you.
Something smites you!
You die...

##...## # ## #..####.# .
#.......# ##. ##.######
#.. ##'## #o# ##...## #.#
##....<## #o#
#.#.......## ##o#######
............####@.......#
............'.......###.#
###.........####...##
##.......## #.....#
##.....## #...#.# ##...##
##.##.# ....## #.. . ##.
#### #.


You could see an orc priest and 2 orcs.

Vanquished Creatures
  The ghost of Restia the Skirmisher, an average FoFi (D:3)
  A sky beast (D:4)
  An orc priest (D:4)
  An orc wizard (D:4)
  Terence (D:2)
  4 adders
  A worm (D:2)
  An ooze (D:3)
  3 orcs (D:4)
  10 bats
  11 goblins
  7 hobgoblins
  3 jackals (D:1)
  A quokka (D:2)
  A ball python (D:1)
  5 giant cockroaches
  2 giant newts (D:2)
  10 kobolds
  A quokka zombie (D:3)
  5 rats
70 creatures vanquished.

Notes
Turn   | Place    | Note
--------------------------------------------------------------
     0 | D:1      | reznor, the Vine Stalker Fighter, began the quest for the Orb.
     0 | D:1      | Reached XP level 1. HP: 11/11 MP: 1/1
   194 | D:1      | Reached XP level 2. HP: 8/16 MP: 3/3
   476 | D:1      | Reached skill level 3 in Long Blades
   610 | D:1      | Reached XP level 3. HP: 19/19 MP: 4/4
  1207 | D:2      | Noticed Terence
  1235 | D:2      | Killed Terence
  1235 | D:2      | Reached XP level 4. HP: 14/23 MP: 3/5
  1507 | D:2      | Reached skill level 4 in Long Blades
  1851 | D:4      | Noticed a sky beast
  1939 | D:3      | Noticed Restia's ghost (average FoFi)
  1975 | D:3      | Killed Restia's ghost
  1975 | D:3      | Reached skill level 5 in Long Blades
  1975 | D:3      | Reached XP level 5. HP: 8/27 MP: 7/7
  2020 | D:3      | Gained mutation: You heal very quickly. [vine stalker growth]
  2020 | D:3      | Reached XP level 6. HP: 23/32 MP: 8/8
  2433 | D:4      | Killed a sky beast
  2608 | D:4      | Killed from afar by an orc priest

Action                   |  1- 3 |  4- 6 || total
-------------------------+-------+-------++-------
Melee: Falchion          |   134 |    71 ||   205
       Long sword        |       |    54 ||    54
  Use: Potion            |       |     2 ||     2
